 Dungeon Crawl Stone Soup version 0.19.1 (webtiles) character file.

266390 nikopol the Severer (level 20, -1/117 HPs)
             Began as a Gargoyle Berserker on Dec 21, 2016.
             Was the Champion of Trog.
             Splashed by an ancient lich's acid (10 damage)
             ... on level 2 of the Abyss on Dec 23, 2016.
             The game lasted 02:55:58 (41622 turns).

nikopol the Severer (Gargoyle Berserker)           Turns: 41622, Time: 02:55:58

Health: -1/117     AC: 43    Str: 27      XL:     20   Next: 10%
Magic:  18/20      EV: 17    Int:  9 (10) God:    Trog [******]
Gold:   2438       SH:  3    Dex: 23      Spells: 0 memorised, 19 levels left

rFire  + . .     SeeInvis +     a - +9 hand axe of Insomnia {drain, *Noise rElec rC+++ Str+2}
rCold  + + +     Gourm    .     F - +4 plate armour of the Countless Curses {SInv}
rNeg   + . .     Faith    .     (no shield)
rPois  ∞         Spirit   .     t - +1 helmet
rElec  +         Reflect  +     i - +1 cloak
rCorr  .         Harm     .     C - +1 pair of gloves
MR     +....                    w - +2 pair of boots of Midsummer {rF+ Dex+3}
Stlth  ..........               G - +3 amulet of reflection
                                b - ring "Teosupt" {+Inv rPois Int+3 Dex+2 Slay+3}
                                U - +5 ring of dexterity

@: corroded
A: big wings, dopey 1, frail 1, negative energy resistance 1, electricity
resistance, unbreathing, petrification resistance, rot immunity, AC +15
a: Fly, Berserk, Trog's Hand, Brothers in Arms, Burn Spellbooks, Renounce
Religion, Evoke Invisibility
}: 2/15 runes: barnacled, gossamer


You were on level 2 of the Abyss.
You worshipped Trog.
Trog was exalted by your worship.
You were not hungry.

You visited 6 branches of the dungeon, and saw 32 of its levels.
You visited the Abyss 2 times.
You also visited: Ice Cave.

You collected 3089 gold pieces.
You spent 651 gold pieces at shops.

Inventory:

Hand Weapons
 a - the +9 hand axe of Insomnia (weapon) {drain, *Noise rElec rC+++ Str+2}
   (You found it on level 4 of the Dungeon)

   A truly terrible weapon, it drains the life of those it strikes.
   It affects your strength (+2).
   It renders you almost immune to cold.
   It insulates you from electricity.
   It may make noises in combat.
 z - a +9 longbow of velocity
 J - a +3 longbow of freezing
 O - a +5 battleaxe of chopping
 W - the +9 executioner's axe "Ynkaus" {flame, Stlth+}
   (Trog gifted it to you on level 10 of the Dungeon)

   It has been specially enchanted to burn those struck by it, causing extra
   injury to most foes and up to half again as much damage against particularly
   susceptible opponents.
   Big, fiery blades are also staple armaments of hydra-hunters.
   It makes you more stealthy.
Missiles
 p - 742 arrows (quivered)
Armour
 i - a +1 cloak (worn)
 t - a +1 helmet (worn)
 w - the +2 pair of boots of Midsummer (worn) {rF+ Dex+3}
   (You bought it in a shop on level 12 of the Dungeon)

   It affects your dexterity (+3).
   It protects you from fire.
 C - a +1 pair of gloves (worn)
 F - the +4 plate armour of the Countless Curses (worn) {SInv}
   (You found it on level 4 of the Shoals)

   It lets you see invisible.
 P - the +6 chain mail "Bosenkett" {rF+ rN+ rCorr Int-2}
   (You found it on level 9 of the Dungeon)

   It affects your intelligence (-2).
   It protects you from fire.
   It protects you from negative energy.
   It protects you from acid and corrosion.
Jewellery
 b - the ring "Teosupt" (right hand) {+Inv rPois Int+3 Dex+2 Slay+3}
   (You found it in an ice cave)

   [ring of dexterity]

   It affects your intelligence (+3).
   It affects your dexterity (+2).
   It affects your accuracy and damage with ranged weapons and melee attacks
   (+3).
   It protects you from poison.
   It lets you turn invisible.
 j - an uncursed ring of protection from cold
 q - a +3 ring of evasion {unknown}
 v - an uncursed ring of positive energy
 G - a +3 amulet of reflection (around neck)
 U - a +5 ring of dexterity (left hand)
Wands
 y - a wand of disintegration (24/24)
 L - a wand of teleportation (4/9)
Scrolls
 d - 4 scrolls of recharging
 e - a scroll of identify
 f - 5 scrolls of magic mapping
 k - 9 scrolls of remove curse
 l - a scroll of summoning
 n - 3 scrolls of enchant weapon
 o - 2 scrolls of fog
 H - 6 scrolls of teleportation
 K - 6 scrolls of enchant armour
 T - 4 scrolls of silence
 V - a scroll of blinking
 Z - a scroll of fear
Potions
 g - 11 potions of heal wounds
 m - 3 potions of resistance
 r - 4 potions of flight
 s - 2 potions of berserk rage
 u - a potion of cancellation
 A - a potion of cure mutation
 B - 5 potions of agility
 D - 7 potions of curing
 I - a potion of magic
 M - 4 potions of brilliance
 N - a potion of invisibility
 R - 2 potions of haste
 S - 5 potions of ambrosia
Comestibles
 c - 17 bread rations
 h - 5 beef jerkies
 x - 6 fruits
 E - 13 meat rations
 Q - 3 slices of pizza
 X - 5 chunks of flesh


   Skills:
 + Level 15.4 Fighting
 * Level 17.3 Axes
 * Level 16.8 Bows
 + Level 15.7 Armour
 + Level 12.2 Dodging


You had 19 spell levels left.
You didn't know any spells.

Dungeon Overview and Level Annotations

Branches:
Dungeon (15/15)            Temple (0/1) D:7            Lair (6/6) D:9
 Shoals (4/4) Lair:3       Spider (4/4) Lair:2        Slime (0/5) Lair:5
    Orc (2/2) D:10            Elf (0/3) Orc:2        Vaults (1/5) D:14
 Depths (0/5) D:15

Altars:
Ashenzari
Dithmenos
Elyvilon
Fedhas
Hepliaklqana
Okawaru
Qazlal
Ru
Xom
The Shining One

Shops:
D:12 [   Orc:2 [:((   Shoals:1 !:[   Shoals:4 *

Annotations:
D:8 exclusion: 2 oklob plants


Innate Abilities, Weirdness & Mutations

You are resistant to torment.
Your stone body is resilient. (AC +15)
You are immune to poison.
Your large and strong wings let you fly indefinitely.
You resist negative energy. (rN+)
You are resistant to electric shocks. (rElec)
You can survive without breathing.
You are immune to petrification.
You are immune to rotting.
You are dopey. (Int -2)
You are frail. (-10% HP)


Message History

Your plate armour of the Countless Curses prevents you from hitting the ancient lich.
The ancient lich is heavily damaged.
You slash the ancient lich!
The ancient lich is severely damaged.
The ancient lich barely misses you.
You slice the ancient lich!!
The ancient lich is severely damaged.
The ancient lich closely misses you.
You hit the ancient lich.
The ancient lich is almost destroyed.
The ancient lich casts a spell at you. The crystal spear hits you!
Ouch! That really hurt!
* * * LOW HITPOINT WARNING * * *
Your plate armour of the Countless Curses prevents you from hitting the ancient lich.
The ancient lich is almost destroyed.
The ancient lich gestures at you while chanting.
The bolt of acid hits you! The acid corrodes you!
You are splashed with acid!
The acid burns!
You die...

.#(... # #...... ##
# ....## ....# #..
. # # ##....# ..#.
###.÷...# #...
#.#.....# . .
#...#......(.###..#
#(L@.##.# .......
#.(#####.. .......
. ##.. #.. #......
. (. #### #. . . .
( #...... . ##.
..... .# # # #. ##


You could see an ancient lich.

Vanquished Creatures
  Nikola (Shoals:1)
  A bone dragon (Abyss:2)
  Rupert (D:13)
  Asterion (Spider:4)
  A tentacled starspawn (Abyss:2)
  Frances (D:14)
  Kirke (D:14)
  Ilsuiw (Shoals:4)
  The ghost of magipi the Fencer, an adept DEBe of Trog (Spider:3)
  7 emperor scorpions
  2 ghost moths (Spider:4)
  An orc warlord (Orc:1)
  3 ironheart preservers
  Nessos (D:14)
  2 entropy weavers
  A deep elf demonologist (Vaults:1)
  Azrael (D:14)
  A deep elf annihilator (D:14)
  2 spark wasps (Spider:4)
  6 merfolk javelineers
  A deep elf death mage (Vaults:1)
  2 ettins (D:14)
  9 merfolk impalers
  A fire dragon (Lair:6)
  A yaktaur captain (D:15)
  12 hydras
  A rakshasa (Vaults:1)
  Fannar (Lair:3)
  2 alligator snapping turtles
  3 catoblepae
  The ghost of stickyfingers the Grappler, a journeyman GrAM of Qazlal (D:12)
  3 satyrs
  3 merfolk aquamancers (Shoals:4)
  The ghost of nikopol the Fighter, a journeyman GrBe of Trog (Lair:1)
  5 centaur warriors
  2 ogre magi
  8 death scarabs (Spider:4)
  4 merfolk avatars (Shoals:4)
  A death knight (D:15)
  4 death yaks (Lair:6)
  A tengu warrior (D:15)
  An orc high priest (Orc:2)
  A thrashing horror (Abyss:3)
  Sonja (D:11)
  A deep elf knight (Vaults:1)
  A fire crab (Lair:6)
  5 skeletal warriors (D:14)
  The ghost of azzavlup the Schismatic, a novice DsAK of Lugonu (D:7)
  An unseen horror (D:10)
  10 hill giants
  13 sea snakes
  3 wolf spider zombies
  A lindwurm (Lair:6)
  18 harpies
  A spectral wolf spider (Spider:4)
  5 orc knights
  9 deep elf magi
  17 orb spiders
  33 wolf spiders
  30 fauns
  8 cyclopes
  15 manticores
  A necromancer (D:11)
  8 ugly things
  A worldbinder (Abyss:2)
  4 moths of wrath
  5 black mambas
  9 sirens
  A centaur zombie (D:14)
  Joseph (D:7)
  2 molten gargoyles (Lair:6)
  7 water nymphs
  A vault sentinel (Vaults:1)
  3 ice statues
  10 spiny frogs
  A torpor snail (Lair:3)
  4 smoke demons
  A gargoyle (D:14)
  7 rime drakes
  3 spectral redbacks (Spider:4)
  15 demonic crawlers
  A kobold demonologist (D:15)
  13 komodo dragons
  An efreet (Abyss:3)
  3 ice devils
  2 redback zombies (Spider:4)
  5 yaktaurs
  3 ancient zymes (Abyss:2)
  2 tengu conjurers (D:14)
  9 trolls
  18 merfolk
  4 meliai
  40 jumping spiders
  Prince Ribbit (D:6)
  7 spectral jumping spiders (Spider:4)
  2 spectral tarantellas (Spider:4)
  9 hornets
  2 polar bears (Lair:6)
  8 two-headed ogres
  4 jumping spider zombies (Spider:4)
  14 blink frogs
  4 large abominations
  6 wind drakes
  9 dream sheep
  3 raiju (Abyss:2)
  7 hippogriffs
  8 slime creatures
  8 snapping turtles
  79 redbacks
  A vampire (D:14)
  5 water elementals
  37 tarantellas
  3 ynoxinuls
  2 fire elementals (D:14)
  Grum (D:11)
  3 wraiths
  16 humans
  7 wyverns
  55 yaks
  3 hungry ghosts
  Eustachio (D:6)
  8 basilisks
  3 hogs (D:14)
  A steam dragon (Lair:6)
  A chaos spawn (Abyss:3)
  5 vampire mosquitoes
  2 wargs
  2 neqoxecs (Abyss:3)
  2 mottled dragons
  A naga (shapeshifter) (D:14)
  A floating eye (D:15)
  8 hell hounds
  7 porcupines
  10 water moccasins
  2 hornet zombies (Spider:4)
  2 spectral hornets (Spider:4)
  6 phantoms
  48 orc warriors
  9 sky beasts
  7 eyes of draining
  6 ice beasts
  24 centaurs
  22 ogres
  6 wolves
  7 crocodiles
  Blork the orc (D:5)
  2 big kobolds
  22 bullfrogs
  6 scorpions
  4 small abominations
  14 killer bees
  12 wights
  6 howler monkeys
  2 electric eels (Lair:3)
  7 crimson imps
  A quasit (D:11)
  The ghost of spooks32 the Shooter, a weakling SpAM (D:4)
  2 bullfrog zombies
  5 lava snakes (Lair:6)
  6 centaur skeletons
  10 hounds
  6 jellies
  7 bullfrog skeletons
  A gnoll shaman (D:6)
  11 orc priests
  Terence (D:2)
  4 iguanas
  4 yak simulacra (D:11)
  20 orc wizards
  13 worker ants
  2 polar bear simulacra (D:11)
  A wolf simulacrum (D:11)
  A hound skeleton (D:7)
  12 gnolls
  A howler monkey skeleton (D:11)
  16 adders
  4 shadow imps
  6 white imps
  4 ufetubi (IceCv)
  2 oozes (Lair:5)
  An adder skeleton (D:8)
  4 worms (D:2)
  3 dart slugs
  9 leopard geckos
  81 orcs
  10 giant cockroaches
  4 goblins
  8 hobgoblins
  15 jackals
  14 kobolds
  5 quokkas
  A ball python (D:2)
  7 bats
  2 frilled lizards (D:1)
  2 leopard gecko skeletons (D:6)
  2 quokka skeletons
  6 rats
  4 river rat simulacra (D:11)
  5 fungi
  47 plants
1404 creatures vanquished.

Vanquished Creatures (collateral kills)
  A reaper (IceCv)
  A wolf spider (Spider:3)
  7 ice devils (IceCv)
  2 white imps (IceCv)
11 creatures vanquished.

Vanquished Creatures (others)
  A merfolk javelineer (Shoals:3)
  A satyr (Shoals:3)
  A molten gargoyle (Lair:6)
  A yaktaur (D:15)
  A redback (Spider:2)
  4 humans (D:14)
  An orc warrior (Orc:2)
  2 centaurs (Orc:2)
  An orc wizard (Orc:2)
  4 white imps (IceCv)
  4 ufetubi (IceCv)
  2 orcs (Orc:2)
  12 fungi
  51 plants
86 creatures vanquished.

Grand Total: 1501 creatures vanquished

Notes
Turn   | Place    | Note
-------+----------+-------------------------------------------
     0 | D:1      | nikopol the Gargoyle Berserker began the quest for the Orb.
     0 | D:1      | Reached XP level 1. HP: 14/14 MP: 1/1
   128 | D:1      | Reached XP level 2. HP: 19/19 MP: 2/2
   374 | D:1      | Reached XP level 3. HP: 23/23 MP: 3/3
   390 | D:1      | Reached skill level 3 in Axes
   721 | D:2      | Reached ** piety under Trog
  1029 | D:2      | Noticed Terence
  1045 | D:2      | Reached XP level 4. HP: 29/29 MP: 4/4
  1075 | D:2      | Killed Terence
  1505 | D:2      | Reached XP level 5. HP: 31/34 MP: 5/5
  1676 | D:3      | Reached *** piety under Trog
  1949 | D:3      | Found a white marble altar of Elyvilon.
  1949 | D:3      | Found a faded altar of an unknown god.
  1957 | D:3      | Found a faded altar of an unknown god.
  1960 | D:3      | Found a shimmering altar of Xom.
  1962 | D:3      | Found a faded altar of an unknown god.
  2435 | D:4      | Got a dazzling hand axe
  2436 | D:4      | Identified the +9 hand axe of Insomnia {drain, *Noise rElec rC+++ Str+2} (You found it on level 4 of the Dungeon)
  2468 | D:4      | Noticed spooks32's ghost (weakling SpAM)
  2473 | D:4      | Killed spooks32's ghost
  2473 | D:4      | Reached XP level 6. HP: 40/40 MP: 6/6
  2486 | D:4      | Reached skill level 5 in Fighting
  2539 | D:4      | Noticed a phantom
  2545 | D:4      | Reached skill level 4 in Axes
  2547 | D:4      | Noticed a phantom
  2566 | D:4      | Killed a phantom
  2566 | D:4      | Reached XP level 7. HP: 41/44 MP: 7/7
  2686 | D:4      | Reached skill level 5 in Armour
  3340 | D:5      | Entered Level 5 of the Dungeon
  3534 | D:5      | Noticed Blork the orc
  3538 | D:5      | Reached XP level 8. HP: 50/51 MP: 8/8
  3545 | D:5      | Killed Blork the orc
  3545 | D:5      | Reached skill level 5 in Axes
  3622 | D:5      | Reached **** piety under Trog
  4323 | D:6      | Reached XP level 9. HP: 57/57 MP: 9/9
  4338 | D:6      | Noticed Prince Ribbit
  4354 | D:6      | Killed Prince Ribbit
  4626 | D:6      | Noticed Eustachio
  4632 | D:6      | Reached skill level 6 in Axes
  4634 | D:6      | Killed Eustachio
  4634 | D:6      | Reached skill level 5 in Dodging
  4771 | D:6      | Found an iron altar of Okawaru.
  4771 | D:6      | Found a sacrificial altar of Ru.
  5046 | D:7      | Noticed azzavlup's ghost (novice DsAK)
  5186 | D:7      | Killed azzavlup's ghost
  5186 | D:7      | Reached skill level 7 in Axes
  5186 | D:7      | Reached XP level 10. HP: 65/65 MP: 10/10
  5481 | D:7      | Found a staircase to the Ecumenical Temple.
  5489 | D:7      | Reached ***** piety under Trog
  5581 | D:7      | Noticed Joseph
  5596 | D:7      | Killed Joseph
  5711 | D:8      | Found a shadowy altar of Dithmenos.
  6451 | D:8      | Found a blossoming altar of Fedhas.
  6453 | D:8      | Noticed an oklob plant
  6453 | D:8      | Noticed an oklob plant
  7013 | D:8      | Reached skill level 1 in Bows
  7355 | D:9      | Found a staircase to the Lair.
  7357 | D:9      | Got an ancient chain mail
  7783 | D:10     | Entered Level 10 of the Dungeon
  7843 | D:10     | Reached skill level 8 in Axes
  7898 | D:10     | Reached XP level 11. HP: 60/71 MP: 11/11
  8038 | D:10     | Identified the +6 chain mail "Bosenkett" {rF+ rN+ rCorr Int-2} (You found it on level 9 of the Dungeon)
  8238 | D:10     | Killed an unseen horror
  8327 | D:10     | You fall through a shaft for 2 floors!
  8328 | D:12     | Found Casohapa's Armour Shop.
  8666 | D:10     | Received a gift from Trog
  8688 | D:10     | Got a bloodstained executioner's axe {god gift}
  8716 | D:10     | Found a staircase to the Orcish Mines.
  8985 | D:10     | Identified the +9 executioner's axe "Ynkaus" {flame, Stlth+} (Trog gifted it to you on level 10 of the Dungeon)
  9144 | Lair:1   | Entered Level 1 of the Lair of Beasts
  9280 | Lair:1   | Reached skill level 10 in Fighting
  9518 | Lair:1   | Noticed a six-headed hydra
  9534 | Lair:1   | Killed a 15-headed hydra
  9534 | Lair:1   | Reached skill level 9 in Axes
  9534 | Lair:1   | Reached skill level 5 in Bows
  9777 | Lair:1   | Noticed nikopol's ghost (journeyman GrBe)
  9808 | Lair:1   | Killed nikopol's ghost
 10580 | Lair:2   | Reached XP level 12. HP: 62/78 MP: 12/12
 10736 | Lair:2   | Reached skill level 10 in Armour
 10798 | Lair:2   | Noticed a seven-headed hydra
 10820 | Lair:2   | Killed a 20-headed hydra
 11174 | Lair:2   | Noticed a five-headed hydra
 11185 | Lair:2   | Killed a nine-headed hydra
 11406 | Lair:2   | Found a hole to the Spider Nest.
 11529 | Lair:3   | Reached skill level 10 in Axes
 11553 | Lair:3   | Found a frozen archway.
 11632 | IceCv    | Entered an ice cave
 12443 | IceCv    | Reached XP level 13. HP: 53/84 MP: 13/13
 12450 | IceCv    | Noticed a reaper
 12457 | IceCv    | Killed a reaper
 12471 | IceCv    | Got a glittering amber ring
 12474 | IceCv    | Identified the ring "Teosupt" {+Inv rPois Int+3 Dex+2 Slay+3} (You found it in an ice cave)
 13294 | Lair:3   | Received a gift from Trog
 13469 | Lair:3   | Reached skill level 11 in Axes
 13581 | Lair:3   | Noticed Fannar
 13601 | Lair:3   | Killed Fannar
 13642 | Lair:3   | Found a staircase to the Shoals.
 14019 | Lair:4   | Received a gift from Trog
 14323 | Lair:4   | Found a hazy altar of Hepliaklqana.
 14842 | Lair:5   | Found a staircase to the Slime Pits.
 15799 | Lair:6   | Entered Level 6 of the Lair of Beasts
 15898 | Lair:6   | Noticed a fire dragon
 16218 | Lair:6   | Received a gift from Trog
 16220 | Lair:6   | Reached skill level 10 in Bows
 16235 | Lair:6   | Gained mutation: Your large and strong wings let you fly indefinitely. [Gargoyle growth]
 16235 | Lair:6   | Reached XP level 14. HP: 60/91 MP: 14/14
 16524 | Lair:6   | Found a large runed door.
 16525 | Lair:6   | Found a large runed door.
 16644 | Lair:6   | Reached skill level 12 in Axes
 17276 | Lair:6   | Received a gift from Trog
 18372 | Orc:1    | Entered Level 1 of the Orcish Mines
 18701 | Orc:2    | Entered Level 2 of the Orcish Mines
 20192 | Orc:2    | Received a gift from Trog
 20363 | Orc:1    | Noticed an orc warlord
 20633 | Orc:1    | Killed an orc warlord
 20633 | Orc:1    | Reached XP level 15. HP: 97/97 MP: 9/15
 20797 | Orc:2    | Found Mapniot's Weapon Emporium.
 20797 | Orc:2    | Found Lozepun's Book Boutique.
 20803 | Orc:2    | Found Hyeloa's Armour Shop.
 20804 | Orc:2    | Found Jyci Zam's Weapon Shoppe.
 21091 | Orc:2    | Found a staircase to the Elven Halls.
 21940 | D:11     | Reached ****** piety under Trog
 22064 | D:11     | Reached skill level 13 in Axes
 22282 | D:11     | Noticed Grum
 22298 | D:11     | Killed Grum
 22311 | D:11     | Received a gift from Trog
 22454 | D:11     | Noticed Sonja
 22488 | D:11     | Killed Sonja
 22842 | D:12     | Found a shattered altar of Ashenzari.
 23012 | D:12     | Noticed stickyfingers's ghost (journeyman GrAM)
 23035 | D:12     | Killed stickyfingers's ghost
 23912 | D:13     | Received a gift from Trog
 24409 | D:14     | Found a gate to the Vaults.
 24409 | D:14     | Noticed Rupert
 24409 | D:14     | Noticed Nessos
 24433 | D:13     | Killed Rupert
 24626 | D:14     | Killed Nessos
 24668 | D:14     | Noticed Kirke
 24744 | D:14     | Received a gift from Trog
 24748 | D:14     | Killed Kirke
 24759 | D:14     | Noticed Azrael
 24788 | D:14     | Killed Azrael
 25548 | D:14     | Reached XP level 16. HP: 100/104 MP: 16/16
 25623 | D:14     | Noticed Frances
 25632 | D:14     | Received a gift from Trog
 25646 | D:14     | Killed Frances
 25646 | D:14     | Reached skill level 14 in Axes
 26253 | D:14     | Found a stormy altar of Qazlal.
 26890 | D:14     | Reached skill level 10 in Dodging
 26907 | D:14     | Found a glowing golden altar of the Shining One.
 27008 | D:15     | Entered Level 15 of the Dungeon
 27281 | D:15     | Received a gift from Trog
 27870 | D:15     | Found a staircase to the Depths.
 28588 | Spider:1 | Entered Level 1 of the Spider Nest
 29414 | Spider:2 | Received a gift from Trog
 29469 | Spider:2 | Reached XP level 17. HP: 76/110 MP: 17/17
 29999 | Spider:3 | Noticed magipi's ghost (adept DEBe)
 30272 | Spider:2 | Reached skill level 15 in Axes
 30553 | Spider:2 | Received a gift from Trog
 31107 | Spider:3 | Received a gift from Trog
 31184 | Spider:3 | Killed magipi's ghost
 31915 | Spider:4 | Entered Level 4 of the Spider Nest
 32534 | Spider:4 | Reached XP level 18. HP: 72/116 MP: 18/18
 32608 | Spider:4 | Reached skill level 15 in Bows
 33018 | Spider:4 | Received a gift from Trog
 33842 | Spider:4 | Got a gossamer rune of Zot
 33981 | Spider:4 | Noticed Asterion
 33991 | Spider:4 | Killed Asterion
 33991 | Spider:4 | Reached skill level 16 in Axes
 34461 | D:12     | Bought the +2 pair of boots of Midsummer {rF+ Dex+3} for 556 gold pieces
 34625 | Shoals:1 | Entered Level 1 of the Shoals
 34849 | Shoals:1 | Received a gift from Trog
 35058 | Shoals:1 | Found Kaanaxaun's Distillery.
 35068 | Shoals:1 | Bought a potion of heal wounds for 95 gold pieces
 35073 | Shoals:1 | Found Komn's Gadget Shoppe.
 35081 | Shoals:1 | Noticed Nikola
 35087 | Shoals:1 | Killed Nikola
 35100 | Shoals:1 | Found Sonnus's Book Emporium.
 35159 | Shoals:1 | Found Siziwesa's Armour Shoppe.
 35552 | Shoals:2 | Received a gift from Trog
 35972 | Shoals:2 | Reached skill level 15 in Armour
 36514 | Shoals:3 | Reached XP level 19. HP: 108/123 MP: 19/19
 36522 | Shoals:3 | Reached skill level 15 in Fighting
 37477 | Shoals:4 | Entered Level 4 of the Shoals
 37877 | Shoals:4 | Received a gift from Trog
 37878 | Shoals:4 | Found Vuycuiq's Assorted Antiques.
 38332 | Shoals:4 | Got a jewelled plate armour
 38333 | Shoals:4 | Identified the +4 plate armour of the Countless Curses {SInv} (You found it on level 4 of the Shoals)
 38383 | Shoals:4 | Noticed Ilsuiw
 38583 | Shoals:3 | Received a gift from Trog
 39246 | Shoals:4 | Killed Ilsuiw
 39374 | Shoals:4 | Received a gift from Trog
 39883 | Shoals:4 | Got a barnacled rune of Zot
 39922 | Shoals:4 | Reached skill level 17 in Axes
 40606 | Vaults:1 | Entered Level 1 of the Vaults
 40629 | Vaults:1 | Identified a scroll of acquirement
 40767 | Vaults:1 | Received a gift from Trog
 40813 | Vaults:1 | Got a slimy ring mail
 40824 | Vaults:1 | Identified the +4 ring mail "Kuneteiz" {*Corrode rF+ Int-2 Dex+9} (You found it on level 1 of the Vaults)
 40969 | Vaults:1 | Cast into level 3 of the Abyss (a deep elf sorcerer)
 40969 | Abyss:3  | Found a corrupted altar of Lugonu.
 41040 | Abyss:3  | Gained mutation: You are dopey. (Int -2) [a neqoxec]
 41042 | Abyss:3  | Gained mutation: You are frail. (-10% HP) [a neqoxec]
 41093 | Abyss:3  | Found a corrupted altar of Lugonu.
 41163 | Vaults:1 | Escaped the Abyss
 41398 | Vaults:1 | Cast into level 2 of the Abyss (a deep elf sorcerer)
 41455 | Abyss:2  | Reached XP level 20. HP: 116/117 MP: 1/20
 41476 | Abyss:2  | Noticed a bone dragon
 41501 | Abyss:2  | Killed a bone dragon
 41610 | Abyss:2  | Noticed an ancient lich
 41622 | Abyss:2  | Splashed by an ancient lich's acid

Skill      XL: |  1  2  3  4  5  6  7  8  9 10 11 12 13 14 15 16 17 18 19 |
---------------+----------------------------------------------------------+-----
Axes           | 3 4 5 7 8 9 10 11 12 13 14 15 16 17 | 17.3
Dodging        | 2 3 4 5 6 7 8 9 10 11 12 | 12.2
Fighting       | 4 5 6 7 8 9 10 11 12 13 14 15 | 15.4
Armour         | 3 4 5 6 8 9 10 11 12 13 14 15 | 15.7
Bows           | 2 5 7 10 11 12 13 14 15 16 | 16.8

Action                   |  1- 3 |  4- 6 |  7- 9 | 10-12 | 13-15 | 16-18 | 19-21 || total
-------------------------+-------+-------+-------+-------+-------+-------+-------++-------
Melee: Hand axe          |   118 |   208 |   218 |   902 |   789 |   938 |   435 ||  3608
 Fire: Shortbow          |       |       |       |   170 |  1070 |    25 |       ||  1265
       Longbow           |       |       |       |       |     2 |   667 |   402 ||  1071
Invok: Berserk           |       |       |     2 |     4 |     8 |     4 |       ||    18
       Brothers in Arms  |       |       |       |     1 |       |     1 |       ||     2
       Burn Spellbooks   |       |       |       |       |     2 |     3 |       ||     5
 Abil: Fly               |       |       |       |       |     1 |     2 |       ||     3
       Stop Flying       |       |       |       |       |     1 |     1 |     1 ||     3
Evoke: Wand              |       |       |       |       |       |       |     1 ||     1
  Use: Scroll            |       |       |       |    12 |    21 |    12 |     6 ||    51
       Potion            |       |       |       |       |     1 |       |     2 ||     3
 Stab: Distracted        |       |       |       |     1 |       |       |     1 ||     2
       Confused          |       |       |       |       |       |     1 |       ||     1
  Eat: Chunk             |       |     6 |     9 |    27 |    47 |    30 |    13 ||   132
       Royal jelly       |       |       |       |     1 |     1 |       |       ||     2
       Pizza             |       |       |       |       |     2 |     1 |       ||     3
       Beef jerky        |       |       |       |       |       |     5 |       ||     5
       Fruit             |       |       |       |       |       |       |     4 ||     4
Armor: Animal skin       |    14 |       |       |       |       |       |       ||    14
       Ring mail         |    32 |   129 |    64 |       |       |       |       ||   225
       Scale mail        |       |       |    54 |    90 |       |       |       ||   144
       Chain mail        |       |       |       |   410 |   617 |   964 |   254 ||  2245
       Plate armour      |       |       |       |       |       |       |    94 ||    94
Dodge: Dodged            |    72 |   130 |   164 |   414 |   642 |  1062 |   409 ||  2893
Block: Other             |       |       |       |       |    90 |   184 |    59 ||   333
       Reflection        |       |       |       |       |    30 |     9 |     7 ||    46
